 Dungeon Crawl Stone Soup version 0.30-a0-715-gdb4ae3ece1 (webtiles) character file.

Game seed: 11902657362664863761

87 GabrielManson the Scholar of Death (level 4, 0/27 (32) HPs)
             Began as a Mummy Necromancer on Jan 24, 2023.
             Was a Follower of Kikubaaqudgha.
             Slain by Terence
             ... wielding a +0 trident
              (7 damage)
             ... on level 3 of the Dungeon.
             The game lasted 00:15:18 (2530 turns).

GabrielManson the Scholar of Death (MuNe)           Turns: 2530, Time: 00:15:18

HP:   0/27 (32)     AC:  3    Str: 11    XL:     4   Next: 28%
MP:   1/9           EV: 12    Int: 16    God:    Kikubaaqudgha [*.....]
Gold: 51            SH:  0    Dex: 12    Spells: 4/10 levels left

rFire   x . .      SeeInvis .    d - +1 dagger (venom)
rCold   + . .      Faith    +    (no shield)
rNeg    + + +      Spirit   .    a - +0 robe
rPois   ∞          Reflect  .    (no helmet)
rElec   .          Harm     .    (no cloak)
rCorr   .          Rampage  .    e - +0 pair of gloves
Will    .....                    (no boots)
Stlth   ++                       (no amulet)
HPRegen 0.24/turn                (no ring)
MPRegen 0.11/turn                (no ring)

@: heavily drained
A: cold resistance 1, negative energy resistance 3, torment resistance 2, heat
vulnerability 1, in touch with death 1, no potions, faith
a: Renounce Religion, Unearth Wretches


You were on level 3 of the Dungeon.
You worshipped Kikubaaqudgha.
Kikubaaqudgha was aware of your devotion.
You visited 1 branch of the dungeon, and saw 3 of its levels.

You collected 51 gold pieces.

Inventory:

Hand Weapons
 d - a +1 dagger of venom (weapon)
Armour
 a - a +0 robe (worn)
 e - a +0 pair of gloves (worn)
Scrolls
 b - a scroll of noise {unknown}
 c - 4 scrolls of teleportation {unknown}
 f - a scroll of fear {unknown}
 g - a scroll of identify {unknown}


   Skills:
 + Level 1.2 Fighting
 + Level 2.3 Dodging
 + Level 2.3 Stealth
 + Level 3.6 Spellcasting
 - Level 4.2 Necromancy


You had 4 spell levels left.
You knew the following spells:

 Your Spells              Type           Power      Damage    Failure   Level
a - Necrotise             Necr           96%        1d8       3%          1
b - Magic Dart            Conj           8%         1d3       17%         1
c - Kiss of Death         Conj/Necr      56%        2d9       8%          1
d - Vampiric Draining     Necr           24%        2d7       10%         3

Your spell library contained the following spells:

 Spells                   Type           Power      Damage    Failure   Level
 Call Imp                 Summ           2%         N/A       26%         2
 Animate Dead             Necr           24%        N/A       30%         4
 Mephitic Cloud           Conj/Pois/Air  2%         N/A       45%         3
 Agony                    Necr           24%        N/A       65%         5


Dungeon Overview and Level Annotations

Branches:
Dungeon (3/15)

Altars:
Kikubaaqudgha
Makhleb
Yredelemnul

Shops:
D:2 !

Annotations:
D:3 Terence


Innate Abilities, Weirdness & Mutations

You are immune to poison.
Your flesh is cold resistant. (rC+)
You are immune to negative energy. (rN+++)
You are immune to unholy pain and torment.
You are vulnerable to heat. (rF-)
You are in touch with the powers of death.
You do not drink.
You have a special connection with the divine. (Faith)


Message History

That felt strangely unrewarding.
The dead are walking!
Terence shouts, "DIE!!!"
Terence closely misses you.
Unknown command.
Terence misses you. Terence hits you with a +0 trident.
Casting: Necrotise (safe; 3% risk of failure)
Confirm with . or Enter, or press ? or * to list all spells.
The spell is quite dangerous to miscast (10% risk of failure)!
Continue anyway?
Aiming: Vampiric Draining (quite dangerous; 10% risk of failure)
Press: ? - help, Shift-Dir - straight line, f - Terence
Aim: Terence, wielding a +0 trident and wearing a +0 scale mail (lightly wounded, ally target)
You feel a surge of power!
You draw life force from Terence.
You feel life coursing into your body. Terence hits you with a +0 trident!
Casting: Vampiric Draining (quite dangerous; 10% risk of failure)
Confirm with . or Enter, or press ? or * to list all spells.
You don't have enough magic to cast this spell.
Terence is nearby!
Casting: Vampiric Draining (quite dangerous; 10% risk of failure)
Confirm with . or Enter, or press ? or * to list all spells.
Aiming: Necrotise (safe; 3% risk of failure)
Press: ? - help, Shift-Dir - straight line, f/p - Terence
Aim: Terence, wielding a +0 trident and wearing a +0 scale mail (moderately wounded, ally target, chance to affect: 88%)
You feel a surge of power!
Terence writhes in agony.
Your ogre skeleton hits Terence.
Terence hits your ogre skeleton with a +0 trident.
Casting: Necrotise (safe; 3% risk of failure)
Confirm with . or Enter, or press ? or * to list all spells.
Aiming: Necrotise (safe; 3% risk of failure)
Press: ? - help, Shift-Dir - straight line, f/p - Terence
Aim: Terence, wielding a +0 trident and wearing a +0 scale mail (heavily wounded, not watching you, ally target, chance to affect: 88%)
You feel a surge of power!
Terence barely resists.
Terence barely misses you.
Your ogre skeleton hits Terence.
Terence hits you from afar with a +0 trident.
* * * LOW HITPOINT WARNING * * *
You hit the withered plant.
The withered plant begins to crumble.
The withered plant is lightly damaged.
Terence hits you from afar with a +0 trident!
You die...
Kikubaaqudgha rasps: "You have failed me!
Welcome... oblivion!"

#....##.#.#.#....>.
#..................
.....#.........$...
#####............####
#...............## ##
..##...$............##..
..#...!.#.......#.....#
#.#.....Z.......#.....#
######.##..@.@.......#.....#
#.......#.P.P....†..........
#.......#.._.........#.#...#
#.........P.P).........)....
#......................#...#
#.......###..>........##...#
#...)...#.............##...#
#######....##.........######
#......<###.........#


You could see Terence (ally target) and a friendly ogre skeleton.

Vanquished Creatures
  An ogre (D:3)
  Robin (D:2)
  An adder (D:3)
  A worm (D:1)
  A dart slug (D:3)
  An orc (D:3)
  3 bats
  3 endoplasms
  A giant cockroach (D:1)
  15 goblins
  2 hobgoblins (D:2)
  3 kobolds (D:1)
  2 quokkas
  2 ball pythons
  10 rats (D:1)
47 creatures vanquished.

Vanquished Creatures (collateral kills)
  An adder (D:2)
  A dart slug (D:1)
  An endoplasm (D:1)
3 creatures vanquished.

Grand Total: 50 creatures vanquished

Notes
Turn   | Place    | Note
-------+----------+-------------------------------------------
     0 | D:1      | GabrielManson the Mummy Necromancer began the quest for the
                  | Orb.
     0 | D:1      | Reached XP level 1. HP: 13/13 MP: 4/4
   191 | D:1      | Reached XP level 2. HP: 19/19 MP: 0/5
   454 | D:1      | Learned a level 1 spell: Magic Dart
  1290 | D:2      | Found Veas's Distillery.
  1333 | D:2      | Found a faded altar of an unknown god.
  1344 | D:2      | Gained mutation: You are in touch with the powers of death.
                  | [Mummy growth]
  1344 | D:2      | Reached XP level 3. HP: 19/25 MP: 0/7
  1518 | D:2      | Prayed at the altar of an unknown god.
  1518 | D:2      | Became a worshipper of Kikubaaqudgha
  1518 | D:2      | Reached * piety under Kikubaaqudgha
  1518 | D:2      | Received a gift from Kikubaaqudgha
  1521 | D:2      | Learned a level 1 spell: Kiss of Death
  1525 | D:2      | Learned a level 3 spell: Vampiric Draining
  1851 | D:2      | Found a burning altar of Makhleb.
  1950 | D:2      | Noticed Robin
  1955 | D:2      | Killed Robin
  1956 | D:2      | Reached skill level 1 in Fighting
  2130 | D:2      | Reached XP level 4. HP: 23/26 MP: 9/9
  2371 | D:3      | Found a basalt altar of Yredelemnul.
  2397 | D:3      | Reached ** piety under Kikubaaqudgha
  2506 | D:3      | Noticed Terence
  2530 | D:3      | Slain by Terence

Illustrated notes

Levels and vault maps discovered:
D:1:      minmay_arrival_five_plusses, layout_basic
D:2:      layout_basic, chequers_ecumenical_altar_simple, serial_shops,
          nicolae_shop_stone, basic_altar, uniq_robin
D:3:      layout_rooms, yredelemnul_altar_generic, uniq_terence,
          uniq_crazy_yiuf_cottage, uniq_jessica

Skill      XL: |  1  2  3 |
---------------+----------+-----
Spellcasting   | 3 |  3.6
Stealth        | 2 |  2.3
Dodging        | 2 |  2.3
Fighting       | 1 |  1.2
Necromancy     | |  4.2

Action                     |  1- 3 |  4- 6 || total
---------------------------+-------+-------++-------
  Melee: Unarmed           |    17 |       ||    17
         Dagger            |     4 |    23 ||    27
   Cast: Necrotise         |    64 |    10 ||    74
         Magic Dart        |    17 |       ||    17
         Vampiric Draining |     3 |     1 ||     4
         Kiss of Death     |     2 |       ||     2
 Invoke: Unearth Wretches  |       |     1 ||     1
 Armour: Robe              |     5 |     6 ||    11
  Dodge: Dodged            |    31 |    17 ||    48

Table legend: (Time is in decaauts)
 A = Elapsed time spent in this place.
 B = Non-inter-level travel time spent in this place.
 C = Inter-level travel time spent in this place.
 D = Time resting spent in this place.
 E = Time spent auto-exploring this place.
 F = Levels seen in this place.
 G = Mean time per level.
                   A        B        C        D        E       F      G
               +--------+--------+--------+--------+--------+-----+--------+
         Total |   2533 |   2443 |     90 |   1025 |    698 |   3 |  844.3 |
       Dungeon |   2533 |   2443 |     90 |   1025 |    698 |   3 |  844.3 |
               +--------+--------+--------+--------+--------+-----+--------+

Top non-repeatable levels by time:
     D:1: 1411 daAuts
     D:2: 959 daAuts
     D:3: 162 daAuts
